TOP OF THE 1ST |
Spokane Trappers batting - Pitching for Las Vegas Stars : RHP Juan Rodríguez
|
Pitching: RHP Juan Rodríguez
|
|
Batting: RHB Enrique Mendoza
|
0-0: Ball 1-0: Reached on error, E9 (Flyball, 9S)
|
Batting: RHB Danny Crouch
|
0-0: Ball 1-0: Foul Ball, location: 2F 1-1: Fly out, F7 (Flyball, 7LS)
|
Batting: SHB Chris Bennis
|
0-0: Called Strike Enrique Mendoza steals 2nd base 0-1: Called Strike 0-2: Foul Ball, location: 2F 0-2: Foul Ball, location: 2F 0-2: Strikes out swinging
|
Batting: RHB José Herrera
|
0-0: Called Strike 0-1: Swinging Strike 0-2: Foul Ball, location: 2F 0-2: Foul Ball, location: 2F 0-2: Fly out, F9 (Flyball, 89S)
|
Top of the 1st over - 0 runs, 0 hits, 1 error, 1 left on base; Spokane 0 - Las Vegas 0 |
BOTTOM OF THE 1ST |
Las Vegas Stars batting - Pitching for Spokane Trappers : RHP Jing-xiang Fa
|
Pitching: RHP Jing-xiang Fa
|
|
Batting: LHB Alberto Varela
|
0-0: Ball 1-0: Bunt missed! 1-1: Foul Ball, location: 2F 1-2: Foul Ball, location: 2F 1-2: Ground out U3 (Groundball, 3)
|
Batting: RHB Tomás Díaz
|
0-0: DOUBLE (Flyball, 8LXD)
|
Batting: LHB Morgan Wright
|
0-0: Ball 1-0: Ball 2-0: Ground out U3 (Groundball, 34S) Tomás Díaz to third
|
Batting: LHB Edward Rose
|
0-0: Called Strike 0-1: Ball 1-1: Reached via error on a dropped throw, E1 Tomás Díaz scores
|
Batting: RHB Paco Castillo
|
0-0: Fielders Choice at 2nd, 6-4 (Groundball, 6)
|
Bottom of the 1st over - 1 run, 1 hit, 1 error, 1 left on base; Spokane 0 - Las Vegas 1 |
TOP OF THE 2ND |
Spokane Trappers batting - Pitching for Las Vegas Stars : RHP Juan Rodríguez
|
Batting: LHB Stan Bates
|
0-0: Foul Ball, location: 2F 0-1: Called Strike 0-2: Strikes out swinging
|
Batting: LHB Harry Pitts
|
0-0: Ball 1-0: Swinging Strike 1-1: Ball 2-1: Ball 3-1: Ground out 4-3 (Groundball, 4)
|
Batting: RHB Freddy Padilla
|
0-0: Ball 1-0: SINGLE (Line Drive, 8LS)
|
Batting: RHB Alberto Velásquez
|
0-0: Foul Ball, location: 2F 0-1: Called Strike 0-2: Ball 1-2: Ball 2-2: Ball 3-2: SINGLE (Groundball, 6MD) Freddy Padilla to second Freddy Padilla to third
|
Batting: RHB José Martínez
|
0-0: Ball 1-0: Swinging Strike 1-1: Foul Ball, location: 2F 1-2: Strikes out looking
|
Top of the 2nd over - 0 runs, 2 hits, 0 errors, 2 left on base; Spokane 0 - Las Vegas 1 |
BOTTOM OF THE 2ND |
Las Vegas Stars batting - Pitching for Spokane Trappers : RHP Jing-xiang Fa
|
Batting: RHB Ricardo Guzmán
|
0-0: Called Strike 0-1: Ball 1-1: Ball 2-1: SINGLE (Groundball, 6MD)
|
Batting: RHB José García
|
0-0: Called Strike 0-1: Ball 1-1: Called Strike 1-2: Fly out, F8 (Flyball, 8LD)
|
Batting: RHB Gilberto Silva
|
0-0: Fly out, F9 (Line Drive, 9)
|
Batting: RHB Fernando Bórquez
|
0-0: Ball 1-0: Called Strike 1-1: TRIPLE (Flyball, 89XD) Ricardo Guzmán scores
|
Batting: LHB Alberto Varela
|
0-0: Ball 1-0: Ball 2-0: Called Strike 2-1: Foul Ball, location: 2F 2-2: Foul Ball, location: 2F 2-2: Foul Ball, location: 2F 2-2: Foul Ball, location: 2F 2-2: Fly out, F5 (Popup, 5SF)
|
Bottom of the 2nd over - 1 run, 2 hits, 0 errors, 1 left on base; Spokane 0 - Las Vegas 2 |
TOP OF THE 3RD |
Spokane Trappers batting - Pitching for Las Vegas Stars : RHP Juan Rodríguez
|
Batting: RHB Enrique Mendoza
|
0-0: Ball 1-0: Ball 2-0: Called Strike 2-1: Fly out, F8 (Flyball, 89D)
|
Batting: RHB Danny Crouch
|
0-0: Ball 1-0: Foul Ball, location: 2F 1-1: Ground out 4-3 (Groundball, 34)
|
Batting: SHB Chris Bennis
|
0-0: Called Strike 0-1: Foul Ball, location: 2F 0-2: Foul Ball, location: 2F 0-2: Strikes out swinging
|
Top of the 3rd over - 0 runs, 0 hits, 0 errors, 0 left on base; Spokane 0 - Las Vegas 2 |
BOTTOM OF THE 3RD |
Las Vegas Stars batting - Pitching for Spokane Trappers : RHP Jing-xiang Fa
|
Batting: RHB Tomás Díaz
|
0-0: Called Strike 0-1: Swinging Strike 0-2: Foul Ball, location: 2F 0-2: Foul Ball, location: 2F 0-2: SINGLE (Flyball, 8RS)
|
Batting: LHB Morgan Wright
|
0-0: Called Strike 0-1: Ball 1-1: Ball 2-1: Foul Ball, location: 2F 2-2: Foul Ball, location: 2F 2-2: Reached on error, E4 (Groundball, 4) Tomás Díaz to second
|
Batting: LHB Edward Rose
|
0-0: Ball 1-0: Swinging Strike 1-1: Ball 2-1: SINGLE (Line Drive, 9LS) Tomás Díaz to third Morgan Wright to second
|
Batting: RHB Paco Castillo
|
0-0: Called Strike 0-1: Called Strike 0-2: Fly out, F7 (Flyball, 7D) Runner from 3rd tags up, SCORES, no throw
|
Batting: RHB Ricardo Guzmán
|
0-0: Fielders Choice at 2nd, 5-4 (Groundball, 56) Morgan Wright to third
|
Now at 2B: Orlando Bruno
|
|
Batting: RHB José García
|
0-0: SINGLE (Line Drive, 4D) Morgan Wright scores Ricardo Guzmán to second Runner from 2nd tries for 3rd, SAFE, no throw
|
Batting: RHB Gilberto Silva
|
0-0: SINGLE (Flyball, 78S) Ricardo Guzmán scores José García to second
|
Batting: RHB Fernando Bórquez
|
0-0: Foul Ball, location: 2F 0-1: Ball 1-1: Fly out, F4 (Popup, 3S)
|
Bottom of the 3rd over - 3 runs, 4 hits, 1 error, 2 left on base; Spokane 0 - Las Vegas 5 |
TOP OF THE 4TH |
Spokane Trappers batting - Pitching for Las Vegas Stars : RHP Juan Rodríguez
|
Batting: RHB José Herrera
|
0-0: Ball 1-0: Foul Ball, location: 2F 1-1: Ball 2-1: Foul Ball, location: 2F 2-2: Foul Ball, location: 2F 2-2: Ground out 6-3 (Groundball, 6)
|
Batting: LHB Stan Bates
|
0-0: Foul Ball, location: 2F 0-1: Swinging Strike 0-2: Foul Ball, location: 2F 0-2: Ball 1-2: Ground out 3-1 (Groundball, 2R)
|
Batting: LHB Harry Pitts
|
0-0: Ball 1-0: Ball 2-0: Foul Ball, location: 2F 2-1: Ball 3-1: DOUBLE (Line Drive, 89D)
|
Batting: RHB Orlando Bruno
|
0-0: Ball 1-0: Swinging Strike 1-1: Ball 2-1: Foul Ball, location: 2F 2-2: Foul Ball, location: 2F 2-2: Ground out 6-3 (Groundball, 6)
|
Top of the 4th over - 0 runs, 1 hit, 0 errors, 1 left on base; Spokane 0 - Las Vegas 5 |
BOTTOM OF THE 4TH |
Las Vegas Stars batting - Pitching for Spokane Trappers : RHP Jing-xiang Fa
|
Batting: LHB Alberto Varela
|
0-0: Called Strike 0-1: Ball 1-1: Ball 2-1: Foul Ball, location: 2F 2-2: Strikes out swinging
|
Batting: RHB Tomás Díaz
|
0-0: DOUBLE (Groundball, 5L)
|
Batting: LHB Morgan Wright
|
0-0: Swinging Strike 0-1: Called Strike 0-2: Ball 1-2: Foul Ball, location: 2F 1-2: Ball 2-2: Foul Ball, location: 2F 2-2: Reached on error, E3 (Groundball, 34) Tomás Díaz to third
|
Batting: LHB Edward Rose
|
0-0: Called Strike 0-1: Fly out, F7 (Flyball, 7LD) Runner from 3rd tags up, SCORES, no throw
|
Batting: RHB Paco Castillo
|
0-0: SINGLE (Groundball, 4MD) Morgan Wright to second
|
Batting: RHB Ricardo Guzmán
|
0-0: Called Strike 0-1: Ball 1-1: Ball 2-1: Foul Ball, location: 2F 2-2: Foul Ball, location: 2F 2-2: Ball 3-2: Ground out 6-3 (Groundball, 6)
|
Bottom of the 4th over - 1 run, 2 hits, 1 error, 2 left on base; Spokane 0 - Las Vegas 6 |
TOP OF THE 5TH |
Spokane Trappers batting - Pitching for Las Vegas Stars : RHP Juan Rodríguez
|
Batting: RHB Alberto Velásquez
|
0-0: Ball 1-0: Ball 2-0: Called Strike 2-1: Fly out, F7 (Flyball, 7D)
|
Batting: RHB José Martínez
|
0-0: Called Strike 0-1: Ball 1-1: Swinging Strike 1-2: Ball 2-2: Strikes out swinging
|
Batting: RHB Enrique Mendoza
|
0-0: Called Strike 0-1: Fly out, F4 (Popup, 4D)
|
Top of the 5th over - 0 runs, 0 hits, 0 errors, 0 left on base; Spokane 0 - Las Vegas 6 |
BOTTOM OF THE 5TH |
Las Vegas Stars batting - Pitching for Spokane Trappers : RHP Jing-xiang Fa
|
Batting: RHB José García
|
0-0: Ball 1-0: Ball 2-0: Called Strike 2-1: Ground out 4-3 (Groundball, 4)
|
Batting: RHB Gilberto Silva
|
0-0: Ball 1-0: Foul Ball, location: 2F 1-1: Fly out, F8 (Flyball, 89XD)
|
Batting: RHB Fernando Bórquez
|
0-0: Ball 1-0: Foul Ball, location: 2F 1-1: Fly out, F7 (Flyball, 78S)
|
Bottom of the 5th over - 0 runs, 0 hits, 0 errors, 0 left on base; Spokane 0 - Las Vegas 6 |
TOP OF THE 6TH |
Spokane Trappers batting - Pitching for Las Vegas Stars : RHP Juan Rodríguez
|
Batting: RHB Danny Crouch
|
0-0: Ball 1-0: Foul Ball, location: 2F 1-1: Fly out, F1 (Line Drive, 13)
|
Batting: SHB Chris Bennis
|
0-0: Ball 1-0: Ground out 4-3 (Groundball, 4)
|
Batting: RHB José Herrera
|
0-0: Called Strike 0-1: Ball 1-1: Foul Ball, location: 2F 1-2: Foul Ball, location: 2F 1-2: Strikes out swinging
|
Top of the 6th over - 0 runs, 0 hits, 0 errors, 0 left on base; Spokane 0 - Las Vegas 6 |
BOTTOM OF THE 6TH |
Las Vegas Stars batting - Pitching for Spokane Trappers : RHP Jing-xiang Fa
|
Pitching: RHP Honorato Mota
|
|
Batting: LHB Alberto Varela
|
0-0: Ball 1-0: SINGLE (Line Drive, 89S)
|
Batting: RHB Tomás Díaz
|
0-0: Ball 1-0: Foul Ball, location: 2F 1-1: Ball 2-1: Ball 3-1: Called Strike 3-2: Fly out, F7 (Flyball, 7S)
|
Batting: LHB Morgan Wright
|
0-0: Ball Alberto Varela steals 2nd base 1-0: Ball 2-0: Ball 3-0: Called Strike 3-1: Base on Balls
|
Batting: LHB Edward Rose
|
0-0: Called Strike 0-1: Ball 1-1: Fielders Choice at 2nd, 6-4 (Groundball, 6M) Alberto Varela to third
|
Batting: RHB Paco Castillo
|
0-0: Ball 1-0: Fly out, F7 (Flyball, 7LSF)
|
Bottom of the 6th over - 0 runs, 1 hit, 0 errors, 2 left on base; Spokane 0 - Las Vegas 6 |
TOP OF THE 7TH |
Spokane Trappers batting - Pitching for Las Vegas Stars : RHP Juan Rodríguez
|
Batting: LHB Stan Bates
|
0-0: Ball 1-0: Foul Ball, location: 2F 1-1: Swinging Strike 1-2: Fly out, F7 (Flyball, 78S)
|
Batting: LHB Harry Pitts
|
0-0: Ball 1-0: Ball 2-0: Called Strike 2-1: Foul Ball, location: 2F 2-2: Strikes out swinging
|
Batting: RHB Orlando Bruno
|
0-0: Ball 1-0: Foul Ball, location: 2F 1-1: Swinging Strike 1-2: Strikes out swinging
|
Top of the 7th over - 0 runs, 0 hits, 0 errors, 0 left on base; Spokane 0 - Las Vegas 6 |
BOTTOM OF THE 7TH |
Las Vegas Stars batting - Pitching for Spokane Trappers : RHP Honorato Mota
|
Batting: RHB Ricardo Guzmán
|
0-0: Ball 1-0: Called Strike 1-1: Foul Ball, location: 2F 1-2: Ball 2-2: Ball 3-2: Foul Ball, location: 2F 3-2: Base on Balls
|
Batting: RHB José García
|
0-0: Ball 1-0: Swinging Strike 1-1: Foul Ball, location: 2F 1-2: Strikes out swinging
|
Batting: RHB Gilberto Silva
|
0-0: Grounds into double play, 4-6-3 (Groundball, 4M)
|
Bottom of the 7th over - 0 runs, 0 hits, 0 errors, 0 left on base; Spokane 0 - Las Vegas 6 |
TOP OF THE 8TH |
Spokane Trappers batting - Pitching for Las Vegas Stars : RHP Juan Rodríguez
|
Pitching: RHP Dema Mitenkov
|
|
Batting: RHB Alberto Velásquez
|
0-0: Ball 1-0: Called Strike 1-1: Foul Ball, location: 2F 1-2: Ball 2-2: Ball 3-2: Strikes out swinging
|
Batting: RHB José Martínez
|
0-0: Called Strike 0-1: Ball 1-1: Swinging Strike 1-2: Ball 2-2: Ball 3-2: Strikes out swinging
|
Batting: RHB Enrique Mendoza
|
0-0: SINGLE (Groundball, 56D)
|
Batting: RHB Danny Crouch
|
0-0: Called Strike 0-1: DOUBLE (Line Drive, 9LM) Enrique Mendoza to third Runner from 3rd tries for Home, SAFE, throw made at trailing runner, OUT at third!
|
Top of the 8th over - 1 run, 2 hits, 0 errors, 0 left on base; Spokane 1 - Las Vegas 6 |
BOTTOM OF THE 8TH |
Las Vegas Stars batting - Pitching for Spokane Trappers : RHP Honorato Mota
|
Batting: RHB Fernando Bórquez
|
0-0: Called Strike 0-1: Ball 1-1: Ball 2-1: Ball 3-1: Swinging Strike 3-2: Base on Balls
|
Batting: LHB Alberto Varela
|
0-0: Called Strike 0-1: Foul Ball, location: 2F 0-2: Ball 1-2: Fly out, F9 (Flyball, 9D)
|
Batting: RHB Tomás Díaz
|
0-0: Ball 1-0: Ball 2-0: Foul Ball, location: 2F 2-1: Ball 3-1: Called Strike Pickoff Throw to First - Out! 3-2: Foul Ball, location: 2F 3-2: Base on Balls
|
Batting: LHB Morgan Wright
|
0-0: Called Strike Tomás Díaz steals 2nd base 0-1: Ball 1-1: Ball 2-1: Called Strike 2-2: Foul Ball, location: 2F 2-2: Ball 3-2: Fly out, F4 (Popup, 4M)
|
Bottom of the 8th over - 0 runs, 0 hits, 0 errors, 1 left on base; Spokane 1 - Las Vegas 6 |
TOP OF THE 9TH |
Spokane Trappers batting - Pitching for Las Vegas Stars : RHP Dema Mitenkov
|
Now at 2B: Barney Lawson
|
|
Now at 3B: Clint Parkinson
|
|
Batting: SHB Chris Bennis
|
0-0: Called Strike 0-1: Called Strike 0-2: Ball 1-2: Strikes out swinging
|
Batting: RHB José Herrera
|
0-0: Called Strike 0-1: Swinging Strike 0-2: Foul Ball, location: 2F 0-2: Ball 1-2: Ball 2-2: Foul Ball, location: 2F 2-2: Strikes out swinging
|
Batting: LHB Stan Bates
|
0-0: Ball 1-0: Ball 2-0: SINGLE (Flyball, 7S)
|
Batting: LHB Harry Pitts
|
0-0: Ball 1-0: Foul Ball, location: 2F 1-1: Fly out, F6 (Popup, 6S)
|
Top of the 9th over - 0 runs, 1 hit, 0 errors, 1 left on base; Spokane 1 - Las Vegas 6 |
|